 Dungeon Crawl Stone Soup version 0.26-b1-32-g5d43845318 (webtiles) character file.

Game seed: 17238293467949248045

27 Borgoz the Cudgeller (level 3, -9/30 HPs)
             Began as a Ghoul Gladiator on Jan 13, 2021.
             Mangled by Sigmund
             ... wielding a +0 scythe
              (10 damage)
             ... on level 2 of the Dungeon.
             The game lasted 00:00:54 (1098 turns).

Borgoz the Cudgeller (Ghoul Gladiator)              Turns: 1098, Time: 00:00:55

Health: -9/30      AC:  4    Str: 15 (17) XL:     3   Next: 10%
Magic:  2/2        EV: 12    Int:  3      God:
Gold:   124        SH:  0    Dex:  9 (11) Spells: 2/2 levels left

rFire    + . .     SeeInvis .   a - +0 flail
rCold    + + .     Faith    .   (no shield)
rNeg     + + +     Spirit   .   b - +0 leather armour
rPois    ∞         Reflect  .   c - +0 helmet
rElec    +         Harm     .   (no cloak)
rCorr    +         Rampage  .   (no gloves)
Will     .....                  (no boots)
Stlth    +.........             (no amulet)
HPRegen  0.00/turn              (no ring)
MPRegen  0.08/turn              (no ring)

@: mighty, resistant
A: claws 1, cold resistance 1, negative energy resistance 3, inhibited
regeneration, torment resistance, unbreathing
a: no special abilities


You were on level 2 of the Dungeon.
You visited 1 branch of the dungeon, and saw 2 of its levels.

You collected 124 gold pieces.

Inventory:

Hand Weapons
 a - a +0 flail (weapon)
Missiles
 d - 3 throwing nets (quivered)
Armour
 b - a +0 leather armour (worn)
 c - a +0 helmet (worn)
Scrolls
 i - a scroll of magic mapping {unknown}
 l - a scroll of random uselessness {unknown}
Potions
 e - 2 potions of might
 g - a potion of resistance
 h - a potion of haste {unknown}
 j - a potion of magic {unknown}
 k - a potion of flight {unknown}
 m - a potion of lignification {unknown}


   Skills:
 * Level 2.6 Fighting
 * Level 3.0 Maces & Flails
 - Level 1.7 Throwing
 * Level 1.0 Armour
 * Level 3.0 Dodging


You had 2 spell levels left.
You didn't know any spells.
Your spell library was empty.

Dungeon Overview and Level Annotations

Branches:
Dungeon (2/15)

Altars:

Annotations:
D:2 Sigmund


Innate Abilities, Weirdness & Mutations

You thrive by killing the living.
You are immune to poison.
You have sharp fingernails.
Your flesh is cold resistant. (rC+)
You are immune to negative energy. (rN+++)
You do not regenerate when monsters are visible.
You are immune to unholy pain and torment.
You can survive without breathing.


Message History

You are too injured to fight recklessly!
You are too injured to fight recklessly!
You are too injured to fight recklessly!
It was a potion of mutation.
You feel extremely strange.
Your body decomposes!
You feel weakened.
Your body decomposes!
You feel weakened.
Your body decomposes!
You feel clumsy.
Your body decomposes!
You feel clumsy.
It was a potion of might.
You feel very mighty all of a sudden. Something hits you!
* * * LOW HITPOINT WARNING * * *
It was a potion of resistance.
You feel protected. Something hits you!
You die...

..#.#...#8...
#.........
..#.#.####..
###.######
#[#.#.#.##...# ..
#.#.#.#.##...####.##
#.#.....#⌠...8 ...#
#.###.#.##...# #..#
#.###.#.##...# #..#
....#.#.##...###{.#
#.#.#.#.#8...8##@.#
..#.#.#.##...# #..#
.##.#.#.#....###..#
.##.#.#...........#
.##.#.###########.#
....#.# .# #####.#
.# #.# .# #.# .#


There were no monsters in sight!

Vanquished Creatures
  A dart slug (D:2)
  A leopard gecko (D:1)
  A goblin (D:1)
  5 hobgoblins
  A ball python (D:1)
  7 bats
  3 kobolds (D:1)
  4 rats (D:1)
23 creatures vanquished.

Notes
Turn   | Place    | Note
-------+----------+-------------------------------------------
     0 | D:1      | Borgoz the Ghoul Gladiator began the quest for the Orb.
     0 | D:1      | Reached XP level 1. HP: 17/17 MP: 0/0
   142 | D:1      | Reached XP level 2. HP: 13/25 MP: 1/1
   915 | D:2      | Reached skill level 1 in Armour
   915 | D:2      | Reached XP level 3. HP: 30/30 MP: 2/2
  1083 | D:2      | Noticed Sigmund
  1097 | D:2      | HP: 1/30 [something (8)]
  1098 | D:2      | Mangled by Sigmund

Illustrated notes

Levels and vault maps discovered:
D:1:      lightli_arrival_isolated_outpost, layout_basic,
          minmay_misc_feat_ornament, minmay_pentomino_x4
D:2:      layout_basic, serial_corexii_hall, corexii_hall_statues_s,
          corexii_hall_statues_i, corexii_hall_statues_t,
          corexii_hall_statues_i, chequers_hall_statues_y,
          corexii_hall_statues_x, uniq_sigmund, uniq_robin

Skill      XL: |  1  2  3 |
---------------+----------+-----
Maces & Flails | 3 |  3.0
Armour         | 1 |  1.0
Dodging        | 3 |  3.0
Fighting       | |  2.6
Throwing       | |  1.7

Action                   || total
-------------------------++-------
Melee: Flail             ||    74
  Use: Potion            ||     3
Armor: Leather armour    ||    30
Dodge: Dodged            ||    59
